 Dungeon Crawl Stone Soup version 0.31-a0-1074-g0b22e4e0f1 (webtiles) character file.

Game seed: 6616692390282127145

1167 backslashecho the Chopper (level 8, -2/61 (67) HPs)
             Began as a Human Warper on Dec 4, 2023.
             Was a Follower of Uskayaw.
             Succumbed to a water moccasin's poison
             ... on level 6 of the Dungeon.
             The game lasted 00:13:47 (5722 turns).

backslashecho the Chopper (Human Warper)            Turns: 5722, Time: 00:13:47

HP:   -2/61 (67)    AC: 14    Str: 14    XL:     8   Next: 67%
MP:   11/11         EV:  7    Int: 14    God:    Uskayaw [*.....]
Gold: 114           SH:  0    Dex: 12    Spells: 11/11 levels left

rFire   + + .        a - +0 hand axe
rCold   + . .        (no shield)
rNeg    . . .        g - +3 chain mail
rPois   +            (no helmet)
rElec   +            n - +0 cloak
rCorr   +            h - +0 pair of gloves
SInv    .            (no boots)
Will    .....        j - amulet of regeneration Stlth
                     i - ring of protection from fire
HPRegen 1.10/turn    (no ring)
MPRegen 0.12/turn

%: no passive effects
@: lethally poisoned (-2 -> -10), resistant, drained
A: robust 1, MP-powered wands
a: Renounce Religion, Stomp


You were on level 6 of the Dungeon.
You worshipped Uskayaw.
Uskayaw was noncommittal.
You visited 2 branches of the dungeon, and saw 7 of its levels.

You collected 444 gold pieces.
You spent 330 gold pieces at shops.

Inventory:

Hand Weapons
 a - a +0 hand axe (weapon)
 b - a +1 dagger of venom
 t - a +0 war axe
 w - the +3 shortbow of Hubris {drain, rC- Dex+6}
   (You found it on level 5 of the Dungeon)

   Dex+6:     It affects your dexterity (+6).
   rC-:       It makes you vulnerable to cold.
Missiles
 d - 7 darts of dispersal
 p - 3 poisoned darts (quivered)
 q - 2 javelins
Armour
 g - a +3 chain mail (worn)
 h - a +0 pair of gloves (worn)
 n - a +0 cloak (worn)
 u - a +0 pair of boots
Jewellery
 i - a ring of protection from fire (left hand)
 j - an amulet of regeneration (around neck)
Scrolls
 c - 3 scrolls of blinking
 f - a scroll of summoning {unknown}
 k - 6 scrolls of identify {unknown}
 o - a scroll of poison {unknown}
 r - 3 scrolls of enchant armour {unknown}
Potions
 l - a potion of enlightenment
 m - a potion of might
 s - a potion of lignification {unknown}
 v - 2 potions of heal wounds {unknown}
 x - a potion of mutation
 z - 2 potions of degeneration {unknown}


   Skills:
 + Level 4.7 Fighting
 * Level 6.2 Axes
 - Level 2.0 Throwing
 + Level 4.1 Armour
 - Level 2.0 Dodging
 - Level 1.0 Unarmed Combat
 - Level 2.0 Spellcasting
 - Level 5.0 Translocations
 + Level 1.2 Invocations


You had 11 spell levels left.
You didn't know any spells.
Your spell library contained the following spells:

 Spells                   Type           Power      Damage    Failure   Level
 Blink                    Tloc           30%        N/A       56%         2
 Lesser Beckoning         Tloc           30%        N/A       56%         2
 Teleport Other           Tloc           15%        N/A       80%         3
 Freeze                   Ice            4%         1d3       98%         1
 Slow                     Hex            4%         N/A       98%         1
 Sting                    Tmut/Pois      4%         1d3       98%         1
 Manifold Assault         Tloc           15%        N/A       99%         4
 Confusing Touch          Hex            1%         N/A       100%        3
 Frozen Ramparts          Ice            2%         1d1       100%        3
 Hailstorm                Conj/Ice       1%         3d3       100%        3
 Sigil of Binding         Hex            1%         N/A       100%        3
 Vampiric Draining        Necr           1%         2d6       100%        3
 Vhi's Electric Charge    Tloc/Air       16%        N/A       100%        4


Dungeon Overview and Level Annotations

Branches:
Dungeon (6/15)             Temple (1/1) D:4

Altars:
Ashenzari
Cheibriados
Dithmenos
Elyvilon
Fedhas
Gozag
Hepliaklqana
Makhleb
Nemelex Xobeh
Okawaru
Qazlal
Sif Muna
Trog
Uskayaw
Vehumet
Wu Jian
Yredelemnul
Zin

Shops:
D:3 (   D:4 =


Innate Abilities, Weirdness & Mutations

You are robust. (+10% HP)
You expend magic power (3 MP) to strengthen your wands.


Message History

You take 2 damage, and have 27/61 hp.
You miss the water moccasin.
The water moccasin is almost dead.
You feel sick.
You are no longer poisoned.
The water moccasin bites you!
You take 7 damage, and have 20/61 hp.
You hit the water moccasin but do no damage.
The water moccasin is almost dead.
The water moccasin bites you but does no damage. x2
You hit the water moccasin but do no damage.
The water moccasin is almost dead.
The water moccasin bites you!
* * * LOW HITPOINT WARNING * * *
You are poisoned.
The water moccasin poisons you!
You take 6 damage, and have 15/61 hp.
You closely miss the water moccasin.
The water moccasin is almost dead.
You feel very sick. The water moccasin barely misses you.
The water moccasin bites you but does no damage.
You take 3 damage, and have 12/61 hp.
Your +1 dagger of venom stops dripping with poison.
a - a +0 hand axe (weapon)
You feel sick.
You take 1 damage, and have 11/61 hp.
You hit the water moccasin but do no damage.
The water moccasin is almost dead.
You feel very sick. The water moccasin barely misses you.
The water moccasin bites you but does no damage.
You take 2 damage, and have 9/61 hp.
You hit the water moccasin.
The water moccasin is almost dead.
You feel sick.
The water moccasin bites you but does no damage.
You take 1 damage, and have 8/61 hp.
You miss the water moccasin.
The water moccasin is almost dead.
You feel sick. The water moccasin bites you.
* * * LOW HITPOINT WARNING * * *
You are more poisoned.
The water moccasin poisons you!
You take 7 damage, and have 1/61 hp.
Okay, then.
Unknown command.
It was a potion of resistance.
You feel protected.
You die...

#..# #..# #..#
#### #..#
...#######..#####
....!#.........#
.##...........#
##. ###.##..###.#
##.# #@##..###.#
#.<# #S##...##.#
#....#
#.###..##.#
#..###
#[##...##.# #..
#.##.#.##.### #.
#.##)#......# #.
#.##.#..#.#.# # .
#.##.#.[..#.# #
## #.........#.#
#


You could see a water moccasin.

Vanquished Creatures
  Eustachio (D:4)
  Edmund (D:6)
  Duvessa (D:5)
  2 black bears (D:5)
  An ogre (D:5)
  Dowan (D:5)
  A howler monkey (D:5)
  4 hounds
  A jelly (D:6)
  An orc priest (D:5)
  A sleepcap (D:6)
  2 iguanas
  An orc wizard (D:4)
  6 adders
  A shadow imp (D:5)
  2 worms
  3 dart slugs
  11 orcs
  3 bats (D:1)
  13 endoplasms
  2 giant cockroaches (D:1)
  11 goblins
  7 hobgoblins
  3 quokkas
  7 ball pythons
  4 frilled lizards
  5 kobolds
  2 rats (D:1)
98 creatures vanquished.

Notes
Turn   | Place    | Note
-------+----------+-------------------------------------------
     0 | D:1      | backslashecho the Human Warper began the quest for the Orb.
     0 | D:1      | Reached XP level 1. HP: 16/16 MP: 3/3
   135 | D:1      | Reached XP level 2. HP: 18/22 MP: 5/5
   386 | D:1      | Reached XP level 3. HP: 26/27 MP: 6/6
  1173 | D:2      | Reached skill level 1 in Unarmed Combat
  1173 | D:2      | Reached XP level 4. HP: 31/34 MP: 7/7
  1773 | D:3      | Found Mulim's Weapon Shop.
  2044 | D:3      | Found a faded altar of an unknown god.
  2255 | D:3      | Found a blossoming altar of Fedhas.
  2898 | D:4      | Reached skill level 3 in Axes
  2898 | D:4      | Reached XP level 5. HP: 28/39 MP: 8/8
  3353 | D:4      | Found a staircase to the Ecumenical Temple.
  3365 | Temple   | Entered the Ecumenical Temple
  3377 | Temple   | Became a worshipper of Uskayaw the Reveller
  3493 | D:4      | Found a white marble altar of Elyvilon.
  3639 | D:4      | Noticed Eustachio
  3650 | D:4      | Reached * piety under Uskayaw
  3675 | D:4      | Reached ** piety under Uskayaw
  3689 | D:4      | Gained mutation: You expend magic power (3 MP) to
                  | strengthen your wands. [potion of mutation]
  3689 | D:4      | Gained mutation: You are robust. (+10% HP) [potion of
                  | mutation]
  3697 | D:4      | Reached *** piety under Uskayaw
  3700 | D:4      | Reached **** piety under Uskayaw
  3706 | D:4      | Killed Eustachio
  3707 | D:4      | Reached skill level 4 in Axes
  3707 | D:4      | Reached XP level 6. HP: 26/51 MP: 9/9
  3916 | D:4      | Found Ifin's Jewellery Shop.
  3931 | D:4      | Bought an amulet of regeneration for 330 gold pieces
  3958 | D:5      | Entered Level 5 of the Dungeon
  3958 | D:5      | Noticed a black bear
  4003 | D:5      | Identified the +3 shortbow of Hubris {drain, rC- Dex+6}
  4175 | D:5      | HP: 1/51 [black bear (10)]
  4176 | D:5      | Killed a black bear
  4177 | D:5      | Reached XP level 7. HP: 2/57 MP: 10/10
  4580 | D:5      | Reached skill level 5 in Axes
  4664 | D:5      | Reached XP level 8. HP: 33/66 MP: 11/11
  4759 | D:5      | Noticed Duvessa
  4866 | D:5      | Killed Duvessa
  5175 | D:5      | Found a bloodstained altar of Trog.
  5187 | D:5      | Found a shimmering blue altar of Sif Muna.
  5187 | D:5      | Noticed Dowan
  5195 | D:5      | Killed Dowan
  5198 | D:5      | Got Sif Muna's Grimoire of Configuration
  5418 | D:6      | Noticed Edmund
  5441 | D:6      | Reached skill level 5 in Translocations
  5468 | D:6      | Killed Edmund
  5469 | D:6      | Reached skill level 6 in Axes
  5469 | D:6      | Reached skill level 1 in Invocations
  5721 | D:6      | HP: 1/61 [water moccasin (6)]
  5722 | D:6      | Succumbed to a water moccasin's poison

Illustrated notes

Levels and vault maps discovered:
D:1:      sevenhm_arrival_forest_fort_large_4, layout_basic,
          minmay_misc_feat_hallway
D:2:      layout_loops_ring, minmay_unequal
D:3:      cheibrodos_greedy_goblins, layout_loops_corners,
          mainiacjoe_overflow_concentric_impassable,
          shapermc_ecumenical_altar_gd, serial_shops, shop
D:4:      layout_loops_ring, mainiacjoe_overflow_alcove_1,
          minmay_temple_entry_offerings, minmay_misc_feat_rugged,
          kennysheep_small_square, uniq_eustachio
D:5:      layout_basic, nzn_overflow_gifts_of_might_and_magic
D:6:      layout_loops_ring, kb_xom_exploding_sheep,
          hellmonk_guarded_unrand_hermit, uniq_edmund
Temple:   minmay_temple_curvy_branch

Skill      XL: |  1  2  3  4  5  6  7  8 |
---------------+-------------------------+-----
Unarmed Combat | 1 |  1.0
Axes           | 3 4 5 6 |  6.2
Throwing       | 2 |  2.0
Fighting       | 3 4 |  4.7
Armour         | 2 3 4 |  4.1
Translocations | 4 5 |  5.0
Invocations    | 1 |  1.2
Dodging        | |  2.0
Spellcasting   | |  2.0

Action                     |  1- 3 |  4- 6 |  7- 9 || total
---------------------------+-------+-------+-------++-------
  Melee: Hand axe          |   135 |   234 |   237 ||   606
         Punch             |     2 |     3 |     5 ||    10
         Dagger            |       |       |    29 ||    29
  Throw: Dart              |       |     3 |     6 ||     9
         Javelin           |       |       |     8 ||     8
    Use: Potion            |       |     4 |     2 ||     6
   Stab: Paralysed         |       |     2 |     3 ||     5
 Armour: Leather armour    |    47 |       |       ||    47
         Chain mail        |    65 |   218 |   265 ||   548
  Dodge: Dodged            |    63 |    78 |   106 ||   247

Table legend: (Time is in decaauts)
 A = Elapsed time spent in this place.
 B = Non-inter-level travel time spent in this place.
 C = Inter-level travel time spent in this place.
 D = Time resting spent in this place.
 E = Time spent auto-exploring this place.
 F = Levels seen in this place.
 G = Mean time per level.
                   A        B        C        D        E       F      G
               +--------+--------+--------+--------+--------+-----+--------+
         Total |   5786 |   5410 |    376 |    125 |   3661 |   7 |  826.6 |
       Dungeon |   5750 |   5374 |    376 |    125 |   3661 |   6 |  958.3 |
        Temple |     35 |     35 |      0 |      0 |      0 |   1 |   35.0 |
               +--------+--------+--------+--------+--------+-----+--------+

Top non-repeatable levels by time:
     D:5: 1377 daAuts
     D:4: 1285 daAuts
     D:2: 1072 daAuts
     D:3: 993 daAuts
     D:1: 713 daAuts
     D:6: 307 daAuts
  Temple: 35 daAuts
